PAAA
SALT LAKE CITY BUZZ @ PHOENIX HOTSPUR RESERVES
09/09/2017
 
TOP OF THE 1ST
Salt Lake City Buzz batting - Pitching for Phoenix Hotspur Reserves : RHP Clifford Turner
Pitching: RHP Clifford Turner
Batting: RHB Jim Coffey 0-0: Called Strike
0-1: Bunted foul
0-2: Foul Ball, location: 2F
0-2: Ball
1-2: Ball
2-2: Foul Ball, location: 2F
2-2: Foul Ball, location: 2F
2-2: Ball
3-2: Base on Balls
Batting: LHB Martín Núñes 0-0: Grounds into double play, 4-6-3 (Groundball, 4)
Batting: RHB Lúcio Gonzáles 0-0: Ball
1-0: Ball
2-0: Foul Ball, location: 2F
2-1: Ball
3-1: Foul Ball, location: 2F
3-2: Base on Balls
Batting: RHB Jason Delaney 0-0: Ball
1-0: Reached on error, E5 (Groundball, 15S)
Lúcio Gonzáles to third
Batting: RHB Jack Alexander 0-0: Swinging Strike
0-1: Ball
1-1: Foul Ball, location: 2F
1-2: Strikes out swinging
Top of the 1st over - 0 run(s), 0 hit(s), 1 error(s), 2 left on base; Salt Lake City 0 - Phoenix 0
BOTTOM OF THE 1ST
Phoenix Hotspur Reserves batting - Pitching for Salt Lake City Buzz : LHP Dalton García
Pitching: LHP Dalton García
Batting: LHB Ricardo Miranda 0-0: SINGLE (Line Drive, 56)
Batting: RHB Jaime Chavarriaga 0-0: Ball
1-0: Ball
2-0: Ball
3-0: Called Strike
3-1: Base on Balls
Ricardo Miranda to second
Batting: LHB Tim Hargrove 0-0: Ball
1-0: Called Strike
1-1: Ball
2-1: Ball
3-1: Foul Ball, location: 2F
3-2: Fly out, F8 (Flyball, 8LM)
Runner from 2nd tags up, SAFE at 3rd with throw
Batting: RHB Pedro Crespo 0-0: Called Strike
0-1: Ball
1-1: Ball
2-1: Fly out, F4 (Popup, 34D)
Batting: RHB Richard Moss 0-0: Called Strike
0-1: Swinging Strike
0-2: Ball
1-2: Strikes out swinging
Bottom of the 1st over - 0 run(s), 1 hit(s), 0 error(s), 2 left on base; Salt Lake City 0 - Phoenix 0
TOP OF THE 2ND
Salt Lake City Buzz batting - Pitching for Phoenix Hotspur Reserves : RHP Clifford Turner
Batting: RHB Ugo Brandini 0-0: Foul Ball, location: 2F
0-1: Fly out, F4 (Popup, 3)
Batting: SHB Alfonso Torres 0-0: Ball
1-0: Ball
2-0: Called Strike
2-1: Ball
3-1: Fly out, F3 (Popup, 13)
Batting: RHB John Ramsey 0-0: Foul Ball, location: 2F
0-1: Ball
1-1: Ball
2-1: Fly out, F8 (Flyball, 89M)
Top of the 2nd over - 0 run(s), 0 hit(s), 0 error(s), 0 left on base; Salt Lake City 0 - Phoenix 0
BOTTOM OF THE 2ND
Phoenix Hotspur Reserves batting - Pitching for Salt Lake City Buzz : LHP Dalton García
Batting: LHB Juan Ángel 0-0: Ball
1-0: Ball
2-0: Ball
3-0: Called Strike
3-1: Foul Ball, location: 2F
3-2: Ground out 6-3 (Groundball, 6M)
Batting: RHB Greg Griffin 0-0: Swinging Strike
0-1: Swinging Strike
0-2: Ball
1-2: Foul Ball, location: 2F
1-2: Strikes out looking
Batting: RHB António Rodríguez 0-0: Ball
1-0: Fly out, F5 (Popup, 5SF)
Bottom of the 2nd over - 0 run(s), 0 hit(s), 0 error(s), 0 left on base; Salt Lake City 0 - Phoenix 0
TOP OF THE 3RD
Salt Lake City Buzz batting - Pitching for Phoenix Hotspur Reserves : RHP Clifford Turner
Batting: LHB Chris Stoltzfus 0-0: Called Strike
0-1: Called Strike
0-2: Ball
1-2: Ball
2-2: Ball
3-2: Base on Balls
Batting: RHB Jim Coffey 0-0: Ball
1-0: Grounds into double play, 5-4-3 (Groundball, 56)
Batting: LHB Martín Núñes 0-0: Ball
1-0: Ball
2-0: Foul Ball, location: 2F
2-1: Called Strike
2-2: Ball
3-2: SINGLE (Line Drive, 56)
Batting: RHB Lúcio Gonzáles 0-0: Ball
1-0: Fly out, F5 (Line Drive, 56)
Top of the 3rd over - 0 run(s), 1 hit(s), 0 error(s), 1 left on base; Salt Lake City 0 - Phoenix 0
BOTTOM OF THE 3RD
Phoenix Hotspur Reserves batting - Pitching for Salt Lake City Buzz : LHP Dalton García
Batting: LHB Chad Campbell 0-0: Ball
1-0: Called Strike
1-1: Ball
2-1: Ground out 4-3 (Groundball, 4)
Batting: LHB Ricardo Miranda 0-0: Ground out 1-3 (Groundball, 13S)
Batting: RHB Jaime Chavarriaga 0-0: Ball
1-0: Ball
2-0: Called Strike
2-1: Ball
3-1: SINGLE (Groundball, 4MD)
Batting: LHB Tim Hargrove 0-0: Called Strike
0-1: Ball
1-1: Called Strike
1-2: Foul Ball, location: 2F
1-2: Strikes out swinging
Bottom of the 3rd over - 0 run(s), 1 hit(s), 0 error(s), 1 left on base; Salt Lake City 0 - Phoenix 0
TOP OF THE 4TH
Salt Lake City Buzz batting - Pitching for Phoenix Hotspur Reserves : RHP Clifford Turner
Batting: RHB Jason Delaney 0-0: Swinging Strike
0-1: DOUBLE (Flyball, 89D)
Batting: RHB Jack Alexander 0-0: Foul Ball, location: 2F
0-1: Foul Ball, location: 2F
0-2: Ball
1-2: Foul Ball, location: 2F
1-2: Ball
2-2: Ball
3-2: Strikes out swinging
Batting: RHB Ugo Brandini 0-0: Ground out 6-3 (Groundball, 6M)
Jason Delaney to third
Batting: SHB Alfonso Torres 0-0: Ball
1-0: Called Strike
1-1: Ball
2-1: Ball
3-1: Swinging Strike
3-2: Base on Balls
Batting: RHB John Ramsey 0-0: Called Strike
0-1: Swinging Strike
0-2: Fly out, F8 (Line Drive, 8RM)
Top of the 4th over - 0 run(s), 1 hit(s), 0 error(s), 2 left on base; Salt Lake City 0 - Phoenix 0
BOTTOM OF THE 4TH
Phoenix Hotspur Reserves batting - Pitching for Salt Lake City Buzz : LHP Dalton García
Batting: RHB Pedro Crespo 0-0: Called Strike
0-1: Ball
1-1: Called Strike
1-2: Ball
2-2: Ball
3-2: Base on Balls
Batting: RHB Richard Moss 0-0: Ball
1-0: Foul Ball, location: 2F
1-1: Foul Ball, location: 2F
1-2: Ball
2-2: Ball
3-2: Fly out, F3 (Popup, 3SF)
Batting: LHB Juan Ángel 0-0: Ball
1-0: Fielders Choice at 2nd, 6-4 (Groundball, 6M)
Batting: RHB Greg Griffin 0-0: Ball
1-0: Called Strike
1-1: Ball
2-1: Called Strike
2-2: Strikes out swinging
Bottom of the 4th over - 0 run(s), 0 hit(s), 0 error(s), 1 left on base; Salt Lake City 0 - Phoenix 0
TOP OF THE 5TH
Salt Lake City Buzz batting - Pitching for Phoenix Hotspur Reserves : RHP Clifford Turner
Batting: LHB Chris Stoltzfus 0-0: Foul Ball, location: 2F
0-1: Foul Ball, location: 2F
0-2: Ground out 3-1 (Groundball, 34)
Batting: RHB Jim Coffey 0-0: Bunt missed!
0-1: Ball
1-1: Called Strike
1-2: Strikes out swinging
Batting: LHB Martín Núñes 0-0: Ball
1-0: Ball
2-0: Ball
3-0: Called Strike
3-1: Fly out, F7 (Line Drive, 7M)
Top of the 5th over - 0 run(s), 0 hit(s), 0 error(s), 0 left on base; Salt Lake City 0 - Phoenix 0
BOTTOM OF THE 5TH
Phoenix Hotspur Reserves batting - Pitching for Salt Lake City Buzz : LHP Dalton García
Batting: RHB António Rodríguez 0-0: Ball
1-0: Called Strike
1-1: Ball
2-1: Swinging Strike
2-2: Strikes out swinging
Batting: LHB Chad Campbell 0-0: Ball
1-0: Called Strike
1-1: Ball
2-1: Swinging Strike
2-2: Ball
3-2: Foul Ball, location: 2F
3-2: Strikes out swinging
Batting: LHB Ricardo Miranda 0-0: Called Strike
0-1: Reached on error, E4 (Groundball, 34)
Batting: RHB Jaime Chavarriaga 0-0: Ball
1-0: Called Strike
1-1: Ball
2-1: Foul Ball, location: 2F
2-2: Ball
3-2: Fly out, F8 (Flyball, 8RS)
Bottom of the 5th over - 0 run(s), 0 hit(s), 1 error(s), 1 left on base; Salt Lake City 0 - Phoenix 0
TOP OF THE 6TH
Salt Lake City Buzz batting - Pitching for Phoenix Hotspur Reserves : RHP Clifford Turner
Batting: RHB Lúcio Gonzáles 0-0: Called Strike
0-1: Foul Ball, location: 2F
0-2: Foul Ball, location: 2F
0-2: Hit by Pitch
Pitching: LHP Matthew Barnes
Batting: RHB Jason Delaney 0-0: Reached on error, E4 (Groundball, 34)
Lúcio Gonzáles to second
Batting: RHB Jack Alexander 0-0: Ball
1-0: Swinging Strike
1-1: Swinging Strike
1-2: Foul Ball, location: 2F
1-2: Ball
2-2: Foul Ball, location: 2F
2-2: Ball
3-2: Base on Balls
Lúcio Gonzáles to third
Jason Delaney to second
Batting: RHB Ugo Brandini 0-0: SINGLE (Groundball, 4M)
Lúcio Gonzáles scores
Jason Delaney to third
Jack Alexander to second
Batting: SHB Alfonso Torres 0-0: Ball
1-0: GRAND SLAM HOME RUN (Line Drive, 89D), Distance : 439 ft
Pitching: RHP Feliks Mleczko
Batting: RHB John Ramsey 0-0: Ball
1-0: Swinging Strike
1-1: Ball
2-1: Swinging Strike
2-2: Strikes out swinging
Batting: LHB Chris Stoltzfus 0-0: Called Strike
0-1: Swinging Strike
0-2: Ball
1-2: Strikes out swinging
Batting: RHB Jim Coffey 0-0: Called Strike
0-1: Foul Ball, location: 2F
0-2: Foul Ball, location: 2F
0-2: Strikes out swinging
Top of the 6th over - 5 run(s), 2 hit(s), 1 error(s), 0 left on base; Salt Lake City 5 - Phoenix 0
BOTTOM OF THE 6TH
Phoenix Hotspur Reserves batting - Pitching for Salt Lake City Buzz : LHP Dalton García
Batting: LHB Tim Hargrove 0-0: Ball
1-0: Ball
2-0: Called Strike
2-1: SINGLE (Groundball, 56)
Pitching: RHP Jeffrey Mack
Batting: RHB Pedro Crespo 0-0: Called Strike
0-1: Ball
1-1: Fly out, F7 (Flyball, 7M)
Batting: RHB Richard Moss 0-0: Swinging Strike
0-1: Ball
1-1: Ball
2-1: Ball
3-1: Base on Balls
Tim Hargrove to second
Batting: LHB Juan Ángel 0-0: Foul Ball, location: 2F
0-1: Foul Ball, location: 2F
0-2: Ball
1-2: Foul Ball, location: 2F
1-2: Strikes out swinging
Batting: RHB Greg Griffin 0-0: Called Strike
0-1: Fly out, F6 (Popup, 6M)
Bottom of the 6th over - 0 run(s), 1 hit(s), 0 error(s), 2 left on base; Salt Lake City 5 - Phoenix 0
TOP OF THE 7TH
Salt Lake City Buzz batting - Pitching for Phoenix Hotspur Reserves : RHP Feliks Mleczko
Batting: LHB Martín Núñes 0-0: Ball
1-0: Ball
2-0: Ball
3-0: Base on Balls
Batting: RHB Lúcio Gonzáles 0-0: Foul Ball, location: 2F
0-1: Ball
1-1: Foul Ball, location: 2F
1-2: Strikes out swinging
Batting: RHB Jason Delaney 0-0: Fly out, F9 (Flyball, 9S)
Batting: RHB Jack Alexander 0-0: Swinging Strike
0-1: Called Strike
0-2: Foul Ball, location: 2F
0-2: Foul Ball, location: 2F
0-2: Ball
1-2: Ground out 5-3 (Groundball, 56S)
Top of the 7th over - 0 run(s), 0 hit(s), 0 error(s), 1 left on base; Salt Lake City 5 - Phoenix 0
BOTTOM OF THE 7TH
Phoenix Hotspur Reserves batting - Pitching for Salt Lake City Buzz : RHP Jeffrey Mack
Batting: RHB António Rodríguez 0-0: Called Strike
0-1: Fly out, F9 (Flyball, 89M)
Batting: LHB Chad Campbell 0-0: Swinging Strike
0-1: Called Strike
0-2: Ball
1-2: Foul Ball, location: 2F
1-2: Foul Ball, location: 2F
1-2: Foul Ball, location: 2F
1-2: Fly out, F6 (Popup, 6D)
Batting: LHB Ricardo Miranda 0-0: Called Strike
0-1: Ground out U3 (Groundball, 3L)
Bottom of the 7th over - 0 run(s), 0 hit(s), 0 error(s), 0 left on base; Salt Lake City 5 - Phoenix 0
TOP OF THE 8TH
Salt Lake City Buzz batting - Pitching for Phoenix Hotspur Reserves : RHP Feliks Mleczko
Pitching: RHP Tomás Herrera
Batting: RHB Ugo Brandini 0-0: Called Strike
0-1: Ball
1-1: Ball
2-1: Called Strike
2-2: Foul Ball, location: 2F
2-2: Ball
3-2: Foul Ball, location: 2F
3-2: Strikes out looking
Batting: SHB Alfonso Torres 0-0: Called Strike
0-1: Ball
1-1: Swinging Strike
1-2: Fly out, F9 (Flyball, 9D)
Batting: RHB John Ramsey 0-0: Called Strike
0-1: Ball
1-1: Ball
2-1: Foul Ball, location: 2F
2-2: Strikes out swinging
Top of the 8th over - 0 run(s), 0 hit(s), 0 error(s), 0 left on base; Salt Lake City 5 - Phoenix 0
BOTTOM OF THE 8TH
Phoenix Hotspur Reserves batting - Pitching for Salt Lake City Buzz : RHP Jeffrey Mack
Pitching: RHP Suezo Sato
Batting: RHB Jaime Chavarriaga 0-0: Fly out, F9 (Flyball, 9LSF)
Batting: LHB Tim Hargrove 0-0: Foul Ball, location: 2F
0-1: Called Strike
0-2: Ball
1-2: Ground out 3-1 (Groundball, 34)
Batting: RHB Pedro Crespo 0-0: Foul Ball, location: 2F
0-1: Swinging Strike
0-2: Ball
1-2: Strikes out swinging
Bottom of the 8th over - 0 run(s), 0 hit(s), 0 error(s), 0 left on base; Salt Lake City 5 - Phoenix 0
TOP OF THE 9TH
Salt Lake City Buzz batting - Pitching for Phoenix Hotspur Reserves : RHP Tomás Herrera
Batting: LHB Chris Stoltzfus 0-0: Ball
1-0: SINGLE (Groundball, 34D)
Batting: RHB Jim Coffey 0-0: Foul Ball, location: 2F
0-1: Swinging Strike
0-2: Foul Ball, location: 2F
0-2: Foul Ball, location: 2F
0-2: Strikes out swinging
Batting: LHB Martín Núñes 0-0: Fly out, F5 (Popup, 56S)
Batting: RHB Lúcio Gonzáles 0-0: Called Strike
Chris Stoltzfus steals 2nd base
0-1: Ball
1-1: Ball
2-1: Called Strike
2-2: Strikes out swinging
Top of the 9th over - 0 run(s), 1 hit(s), 0 error(s), 1 left on base; Salt Lake City 5 - Phoenix 0
BOTTOM OF THE 9TH
Phoenix Hotspur Reserves batting - Pitching for Salt Lake City Buzz : RHP Suezo Sato
Batting: RHB Richard Moss 0-0: Called Strike
0-1: Foul Ball, location: 2F
0-2: Ball
1-2: Strikes out swinging
Batting: LHB Juan Ángel 0-0: Called Strike
0-1: Ball
1-1: Ball
2-1: Called Strike
2-2: Foul Ball, location: 2F
2-2: Strikes out looking
Batting: RHB Greg Griffin 0-0: Ball
1-0: Ball
2-0: Called Strike
2-1: SINGLE (Groundball, 4MD)
Batting: RHB António Rodríguez 0-0: Called Strike
0-1: Ball
1-1: Called Strike
1-2: Foul Ball, location: 2F
1-2: Ball
2-2: Foul Ball, location: 2F
2-2: Foul Ball, location: 2F
2-2: Strikes out swinging
Bottom of the 9th over - 0 run(s), 1 hit(s), 0 error(s), 1 left on base; Salt Lake City 5 - Phoenix 0
This league is powered by Out of the Park Baseball, the baseball management simulation game for PC, Mac and Linux
Saturday, February 27th, 2021 - OOTP Baseball 15.6 Build 34